 Dungeon Crawl Stone Soup version 0.24-a0-497-g5a03d68f59 (webtiles) character file.

Game seed: 11317612208401347891

1832260 kuniqs the Victor of a Thousand Battles (level 27, 222/222 HPs)
             Began as a Gnoll Fighter on July 13, 2019.
             Was the Champion of Okawaru.
             Escaped with the Orb
             ... and 3 runes!
             The game lasted 01:48:46 (61420 turns).

kuniqs the Victor of a Thousand Battles (GnFi)     Turns: 61420, Time: 01:48:47

Health: 222/222    AC: 58    Str: 41    XL:     27
Magic:  54/54      EV: 19    Int: 15    God:    Okawaru [******]
Gold:   4992       SH: 24    Dex: 15    Spells: 62/62 levels left

rFire    + . .     SeeInvis +   t - +12 Vampire's Tooth {vamp}
rCold    . . .     Gourm    .   U - +3 shield {AC+3}
rNeg     . . .     Faith    .   q - +14 crystal plate armour
rPois    +         Spirit   .   K - +2 helmet {SInv}
rElec    +         Reflect  +   Q - +2 cloak {MR+}
rCorr    .         Harm     .   e - +0 pair of gloves "Jattemit" {MR+ Slay+2}
MR       +++++                  B - +2 pair of boots
Stlth    ..........             E - +3 amulet of reflection
HPRegen  0.47/turn              m - ring of the Swan {rPois rF+ Str+6}
MPRegen  0.34/turn              S - ring of Discretion {rElec MR+ MP+9 Str+4 Int+2}

@: no status effects
A: distributed training, fangs 1, slimy green scales 1, strong 1, strong nose
0: Orb of Zot
}: 3/15 runes: decaying, serpentine, silver
a: Heroism, Finesse, Renounce Religion


You escaped.
You worshipped Okawaru.
Okawaru was exalted by your worship.
You were very full.

You visited 10 branches of the dungeon, and saw 50 of its levels.
You visited 2 bazaars.
You also visited: Wizlab.

You collected 9499 gold pieces.
You spent 4507 gold pieces at shops.

Inventory:

Hand Weapons
 t - the +12 Vampire's Tooth (weapon) {vamp}
   (You bought it in a shop in a bazaar)

   It inflicts no extra harm, but heals its wielder when it wounds a living foe.
Missiles
 a - 11 boomerangs
 y - 17 javelins
 Y - 18 silver javelins (quivered)
Armour
 e - the +0 pair of gloves "Jattemit" (worn) {MR+ Slay+2}
   (Okawaru gifted it to you on level 3 of the Elven Halls)

   It affects your accuracy and damage with ranged weapons and melee attacks
   (+2).
   It affects your resistance to hostile enchantments.
 q - a +14 crystal plate armour (worn)
 B - a +2 pair of boots (worn)
 K - a +2 helmet of see invisible (worn)
 Q - a +2 cloak of magic resistance (worn)
 U - a +3 shield of protection (worn)
Jewellery
 m - the ring of the Swan (left hand) {rPois rF+ Str+6}
   (You found it on level 3 of the Elven Halls)

   [ring of poison resistance]

   It affects your strength (+6).
   It protects you from fire.
   It protects you from poison.
 E - a +3 amulet of reflection (around neck)
 S - the ring of Discretion (right hand) {rElec MR+ MP+9 Str+4 Int+2}
   (You bought it in a shop on level 1 of the Snake Pit)

   [ring of protection from magic]

   It affects your strength (+4).
   It affects your intelligence (+2).
   It insulates you from electricity.
   It affects your resistance to hostile enchantments.
   It affects your magic capacity (+9).
 V - an uncursed ring of resist corrosion
Wands
 h - a wand of acid (40)
 l - a wand of iceblast (51)
 o - a wand of flame (43)
 r - a wand of paralysis (55)
 z - a wand of polymorph (86)
 A - a wand of enslavement (26)
 G - a wand of scattershot (18)
 J - a wand of disintegration (15)
 L - a wand of clouds (14)
 Z - a wand of digging (11)
Scrolls
 i - 37 scrolls of remove curse {@r2}
 k - 23 scrolls of teleportation
 p - 8 scrolls of fear
 w - 7 scrolls of blinking
 D - 2 scrolls of silence
 I - 5 scrolls of holy word
 N - 6 scrolls of vulnerability
 O - 6 scrolls of fog
 R - 2 scrolls of summoning
 X - 9 scrolls of identify {@r1}
Potions
 d - 3 potions of might
 g - 7 potions of haste
 j - 8 potions of flight
 n - 22 potions of curing {@q1}
 s - 6 potions of resistance
 u - 22 potions of heal wounds
 x - 8 potions of lignification
 C - 6 potions of cancellation
 H - 2 potions of invisibility
 P - 4 potions of agility
 T - 4 potions of mutation
Miscellaneous
 F - a lamp of fire
 M - a lightning rod (4/4)
Comestibles
 f - 113 rations


   Skills:
 + Level 19.2 Fighting
 + Level 18.8 Short Blades
 + Level 18.4 Long Blades
 + Level 18.4 Axes
 + Level 18.4 Maces & Flails
 + Level 18.4 Polearms
 + Level 18.4 Staves
 + Level 18.4 Slings
 + Level 18.4 Bows
 + Level 18.4 Crossbows
 + Level 18.4 Throwing
 + Level 19.2 Armour
 + Level 18.4 Dodging
 + Level 18.4 Stealth
 + Level 19.2 Shields
 + Level 18.4 Unarmed Combat
 + Level 18.4 Spellcasting
 + Level 15.9 Conjurations
 + Level 15.9 Hexes
 + Level 15.9 Charms
 + Level 15.9 Summonings
 + Level 15.9 Necromancy
 + Level 15.9 Translocations
 + Level 15.9 Transmutations
 + Level 15.9 Fire Magic
 + Level 15.9 Ice Magic
 + Level 15.9 Air Magic
 + Level 15.9 Earth Magic
 + Level 15.9 Poison Magic
 + Level 19.8 Invocations
 + Level 18.4 Evocations


You had 62 spell levels left.
You didn't know any spells.
Your spell library contained the following spells:

 Spells                   Type           Power        Failure   Level  Hunger
 Beastly Appendage        Tmut           ######       1%          1    None
 Confusing Touch          Hex            ######       1%          1    None
 Corona                   Hex            ######.      1%          1    None
 Flame Tongue             Conj/Fire      #####        1%          1    None
 Freeze                   Ice            ####         1%          1    None
 Infusion                 Chrm           ####         1%          1    None
 Magic Dart               Conj           ####         1%          1    None
 Sting                    Conj/Pois      ####         1%          1    None
 Blink                    Tloc           N/A          1%          2    None
 Call Imp                 Summ           ######..     1%          2    None
 Corpse Rot               Necr           N/A          1%          2    None
 Ensorcelled Hibernation  Hex/Ice        ######       1%          2    None
 Passwall                 Tmut/Erth      ######..     1%          2    None
 Poisonous Vapours        Pois/Air       ######       1%          2    None
 Searing Ray              Conj           ######       1%          2    None
 Shroud of Golubria       Chrm/Tloc      ######       1%          2    None
 Slow                     Hex            ######..     1%          2    None
 Sticks to Snakes         Tmut           ######..     1%          2    None
 Sublimation of Blood     Necr           ######....   1%          2    None
 Swiftness                Chrm/Air       ######..     1%          2    None
 Throw Flame              Conj/Fire      ######       1%          2    None
 Throw Frost              Conj/Ice       ######       1%          2    None
 Confuse                  Hex            ######..     1%          3    None
 Conjure Flame            Conj/Fire      ######..     1%          3    None
 Dazzling Spray           Conj/Hex       ######       1%          3    None
 Gell's Gravitas          Tloc           ######....   1%          3    None
 Ignite Poison            Fire/Tmut/Pois ######..     1%          3    None
 Inner Flame              Hex/Fire       ######..     1%          3    None
 Lesser Beckoning         Tloc           ######....   1%          3    None
 Mephitic Cloud           Conj/Pois/Air  ######..     1%          3    None
 Ozocubu's Armour         Chrm/Ice       ######..     1%          3    None
 Portal Projectile        Hex/Tloc       ######       1%          3    None
 Recall                   Summ/Tloc      N/A          1%          3    None
 Spider Form              Tmut/Pois      ######....   1%          3    None
 Stone Arrow              Conj/Erth      ######       1%          3    None
 Teleport Other           Tloc           ######..     1%          3    None
 Tukima's Dance           Hex            ######..     1%          3    None
 Animate Dead             Necr           N/A          1%          4    None
 Cause Fear               Hex            ######....   1%          4    None
 Force Lance              Conj/Tloc      ######..     1%          4    None
 Fulminant Prism          Conj/Hex       ######....   1%          4    None
 Ice Form                 Ice/Tmut       ######..     1%          4    None
 Iskenderun's Mystic Bla  Conj           ######..     1%          4    None
 Leda's Liquefaction      Hex/Erth       ######....   1%          4    None
 Olgreb's Toxic Radiance  Pois           ######..     1%          4    None
 Petrify                  Tmut/Erth      ######..     1%          4    None
 Sticky Flame             Conj/Fire      ######..     1%          4    None
 Summon Ice Beast         Ice/Summ       ######..     1%          4    None
 Throw Icicle             Conj/Ice       ######..     1%          4    None
 Alistair's Intoxication  Tmut/Pois      ######..     1%          5    ####...
 Aura of Abjuration       Summ           ######....   1%          5    ####...
 Blade Hands              Tmut           ######....   1%          5    ####...
 Bolt of Magma            Conj/Fire/Erth ######....   1%          5    ####...
 Borgnjor's Vile Clutch   Necr/Erth      ######....   1%          5    ####...
 Fireball                 Conj/Fire      ######....   1%          5    ####...
 Irradiate                Conj/Tmut      ######....   1%          5    ####...
 Iskenderun's Battlesphe  Conj/Chrm      ######..     1%          5    ####...
 Lee's Rapid Deconstruct  Erth           ######....   1%          5    ####...
 Lightning Bolt           Conj/Air       ######....   1%          5    ####...
 Metabolic Englaciation   Hex/Ice        ######....   1%          5    ####...
 Silence                  Hex/Air        ######....   1%          5    ####...
 Summon Demon             Summ           ######....   1%          5    ####...
 Summon Forest            Summ/Tloc      ######....   1%          5    ####...
 Summon Mana Viper        Hex/Summ       ######..     1%          5    ####...
 Venom Bolt               Conj/Pois      ######....   1%          5    ####...
 Yara's Violent Unravell  Hex/Tmut       ######....   1%          5    ####...
 Bolt of Cold             Conj/Ice       ######....   5%          6    #####..
 Bolt of Fire             Conj/Fire      ######....   5%          6    #####..
 Darkness                 Hex            ######....   5%          6    #####..
 Death Channel            Necr           ######....   5%          6    #####..
 Deflect Missiles         Chrm/Air       ######....   5%          6    #####..
 Freezing Cloud           Conj/Ice/Air   ######....   5%          6    #####..
 Hydra Form               Tmut           ######....   5%          6    #####..
 Invisibility             Hex            ######..     5%          6    #####..
 Iron Shot                Conj/Erth      ######....   5%          6    #####..
 Ozocubu's Refrigeration  Ice            ######....   5%          6    #####..
 Shadow Creatures         Summ           N/A          5%          6    #####..
 Simulacrum               Ice/Necr       ######....   5%          6    #####..
 Statue Form              Tmut/Erth      ######...    5%          6    #####..
 Dragon Form              Tmut           ######....   30%         7    #######
 Haunt                    Necr/Summ      ######....   30%         7    #######
 Malign Gateway           Summ/Tloc      ######....   30%         7    #######
 Monstrous Menagerie      Summ           ######....   30%         7    #######
 Orb of Destruction       Conj           ######....   30%         7    #######
 Ring of Flames           Chrm/Fire      ######....   30%         7    #######
 Spellforged Servitor     Conj/Summ      ######....   30%         7    #######
 Summon Greater Demon     Summ           ######....   30%         7    #######
 Summon Hydra             Summ           ######....   30%         7    #######
 Borgnjor's Revivificati  Necr           ######....   93%         8    #######
 Death's Door             Chrm/Necr      ######....   93%         8    #######
 Discord                  Hex            ######....   93%         8    #######
 Ignition                 Fire           ######....   93%         8    #######
 Infestation              Necr           ######....   93%         8    #######
 Necromutation            Tmut/Necr      ######....   93%         8    #######
 Summon Horrible Things   Summ           ######....   93%         8    #######
 Tornado                  Air            ######....   100%        9    #######
 Passage of Golubria      Tloc           Unusable     N/A         4    N/A

Dungeon Overview and Level Annotations

Branches:
Dungeon (15/15)            Temple (1/1) D:5            Lair (6/6) D:9
  Swamp (4/4) Lair:3        Snake (4/4) Lair:3        Slime (0/5) Lair:5
    Orc (2/2) D:12            Elf (3/3) Orc:2        Vaults (5/5) D:14
  Crypt (0/3) Vaults:3     Depths (5/5) D:15            Zot (5/5) Depths:5

Altars:
Ashenzari
Cheibriados
Dithmenos
Elyvilon
Fedhas
Gozag
Hepliaklqana
Kikubaaqudgha
Makhleb
Nemelex Xobeh
Okawaru
Qazlal
Ru
Sif Muna
Trog
Uskayaw
Vehumet
Wu Jian
Xom
Yredelemnul
Zin
The Shining One
Beogh
Jiyva

Shops:
D:11 [:??%   Orc:1 %   Orc:2 !=[:(   Snake:1 :}=}   Vaults:2 }   Vaults:5 %?
Depths:1 *   Depths:3 *}!(

Portals:
Hell: Depths:1 Depths:2 Depths:3 Depths:4 Depths:5
Abyss: Depths:4
Pandemonium: Depths:2 Depths:3
Ziggurat: Depths:3

Annotations:
Lair:5 exclusion: 2 oklob plants
Depths:2 exclusions: Tzitzimitl and 1 more exclusion


Innate Abilities, Weirdness & Mutations

Your experience applies equally to all skills.
You have very sharp teeth.
Your uncanny sense of smell can sniff out nearby items.
You are partially covered in slimy green scales. (AC +2)
Your muscles are strong. (Str +2)


Message History

Ye climb upwards.
Thar be a stone staircase leadin' down 'ere.
Thar be a stone staircase leadin' up 'ere.
Ye climb upwards.
Thar be a stone staircase leadin' down 'ere.
Ye see 'ere a huntin' slin'.
Thar be a stone staircase leadin' up 'ere.
Ye climb upwards.
Thar be a stone staircase leadin' down 'ere.
Ye op'n tha door.
Thar be an op'n door 'ere.
Thar be a stone staircase leadin' up 'ere.
Ye climb upwards.
Thar be a stone staircase leadin' down 'ere.
Ye see 'ere a leathar armour.
Ye see 'ere 13 arrows.
Ye see 'ere 3 stones.
Thar be an op'n door 'ere.
Thar be a staircase leadin' outta tha dungeon 'ere.
Ye haf 'scaped!

#####
####8@8####
##.........##
#8.........8#
#...........#
###
#8.........8#
###..
##.........##
#....
#.........#
#.#[#
#####'#####
#.#.# #.#
#.#.#


There were no monsters in sight!

Vanquished Creatures
  2 pandemonium lords
  10 ancient liches (Zot:5)
  3 orbs of fire (Zot:5)
  2 juggernauts (Depths:4)
  2 Killer Klowns (Zot:5)
  Saint Roka (Vaults:1)
  3 curse toes
  6 golden dragons
  A bone dragon (Depths:5)
  the Enchantress (Depths:1)
  A Cloud Mage (WizLab)
  Rupert (D:14)
  6 electric golems
  Jorgrun (D:14)
  19 tentacled monstrosities
  25 Orb Guardians (Zot:5)
  6 liches
  A Hell Sentinel (Zot:4)
  6 quicksilver dragons
  3 deep elf blademasters (Elf:3)
  7 titans
  A deep elf master archer (Elf:3)
  An acid blob (shapeshifter) (Vaults:5)
  4 death cobs
  6 sphinxes
  2 thorn hunters (Swamp:3)
  4 tengu reavers
  13 storm dragons
  6 nagarajas (Snake:4)
  4 draconian monks
  9 frost giants
  12 shadow dragons
  5 fire giants
  10 vault wardens
  5 draconian scorchers
  4 iron dragons
  3 deep elf elementalists (Elf:3)
  3 draconian knights
  A ghoul (Vaults:4)
  3 draconian shifters
  9 deep elf sorcerers
  Aizul (Vaults:1)
  4 draconian stormcallers
  An angel (Depths:3)
  3 balrugs
  6 draconian annihilators
  11 ironheart preservers
  2 reapers
  18 very ugly things
  20 stone giants
  10 spriggan defenders
  A war gargoyle (Vaults:5)
  5 vampire knights
  17 black draconians
  6 green draconians
  A lorocyproca (Depths:3)
  2 entropy weavers
  6 deep elf annihilators
  Nessos (Lair:6)
  6 deep elf demonologists
  8 red draconians
  9 purple draconians
  11 white draconians
  A spark wasp (Depths:5)
  Azrael (Snake:1)
  15 ettins
  3 yellow draconians
  3 blizzard demons
  Snorg (Orc:2)
  10 deep elf death magi
  Josephine (D:13)
  2 jiangshi (Depths:2)
  11 yaktaur captains
  10 great orbs of eyes
  14 fire dragons
  9 deep elf high priests
  Fannar (Lair:1)
  7 rakshasas
  25 ogre magi
  A catoblepas (D:14)
  7 ice dragons
  24 naga warriors
  28 vault guards
  20 hydras
  3 ghost crabs
  17 spriggan air magi
  2 shambling mangroves
  70 two-headed ogres
  12 centaur warriors
  9 alligators
  A queen ant (shapeshifter) (Vaults:5)
  5 death knights
  16 anacondas
  17 death yaks
  21 dancing weapons
  18 tengu warriors
  A vampire mage (Depths:2)
  8 deep troll earth magi
  8 deep troll shamans
  11 naga sharpshooters
  An orc high priest (Orc:1)
  7 shock serpents
  3 soul eaters (Depths:4)
  13 spriggan berserkers
  28 deep elf knights
  A storm dragon zombie (Vaults:4)
  A fire crab (shapeshifter) (Vaults:4)
  4 shadow wraiths
  6 sun demons
  6 unseen horrors
  4 iron trolls
  13 skeletal warriors
  2 quicksilver dragon simulacra (Depths:4)
  3 hell knights (Depths:2)
  A spark wasp zombie (Depths:2)
  4 flayed ghosts
  3 death drakes (WizLab)
  6 salamander mystics
  8 phantasmal warriors
  14 deep elf archers
  3 glowing orange brains
  3 wizards
  22 deep trolls
  A spriggan druid (Swamp:3)
  A lindwurm (Swamp:4)
  8 swamp dragons
  15 mana vipers
  4 harpies
  An infernal demonspawn (Depths:2)
  7 ironbrand convokers
  10 orc knights
  10 naga ritualists
  A wolf spider zombie (D:14)
  A frost giant zombie (Depths:1)
  A sphinx zombie (Depths:4)
  57 deep elf magi
  5 necromancers
  43 ugly things
  6 wolf spiders
  A fire giant zombie (Vaults:4)
  An elephant (shapeshifter) (Vaults:3)
  A salamander (shapeshifter) (Depths:1)
  An oklob plant (Lair:6)
  2 orc sorcerers
  23 cyclopes
  8 salamanders
  Maurice (D:8)
  A frost giant skeleton (Depths:4)
  3 elephants (Lair:6)
  23 moths of wrath
  5 guardian serpents
  An ice statue (Depths:4)
  8 rust devils (Depths:4)
  6 apocalypse crabs (WizLab)
  A molten gargoyle (Swamp:4)
  41 black mambas
  Psyche (D:8)
  11 vault sentinels
  A smoke demon (Depths:3)
  4 gargoyles
  5 orange demons (D:12)
  14 naga magi
  5 spiny frogs
  A kobold demonologist (D:12)
  A rime drake (shapeshifter) (Depths:2)
  12 freezing wraiths
  28 yaktaurs
  3 efreet (Depths:4)
  10 komodo dragons
  A rime drake (Lair:4)
  A hellwing (Depths:3)
  2 spriggan skeletons
  7 tengu conjurers
  3 ice devils (Depths:4)
  2 jumping spiders (shapeshifter) (Depths:3)
  9 trolls
  6 tyrant leeches
  A troll (shapeshifter) (Vaults:4)
  6 red devils
  34 hornets
  8 polar bears
  3 wind drakes (WizLab)
  Grinder (D:3)
  27 slime creatures
  2 polar bears (shapeshifter)
  20 blink frogs
  A dream sheep (shapeshifter) (Vaults:5)
  A spriggan zombie (Depths:2)
  9 bog bodies
  An iron dragon simulacrum (Depths:2)
  A wind drake (shapeshifter) (Vaults:4)
  2 ettin zombies
  2 dream sheep (Lair:6)
  11 hippogriffs
  4 flying skulls (Depths:4)
  A redback (shapeshifter) (Vaults:5)
  A tarantella (Vaults:4)
  A spriggan (shapeshifter) (Elf:1)
  An elf zombie (Vaults:4)
  33 spriggans
  8 air elementals
  2 fire bats (Swamp:4)
  A wyvern (Lair:5)
  A water elemental (Elf:3)
  3 redbacks
  51 yaks
  7 wraiths
  5 shadows
  3 fire elementals (Snake:1)
  A basilisk (shapeshifter) (Depths:2)
  2 hogs (shapeshifter)
  3 basilisks
  A golden eye (shapeshifter) (Depths:3)
  A chaos spawn (D:10)
  2 steam dragons (Swamp:4)
  A hungry ghost (D:9)
  An elf skeleton (Depths:1)
  18 vampire mosquitoes
  60 nagas
  A soldier ant (D:10)
  Edmund (D:4)
  17 insubstantial wisps
  10 wargs
  A human zombie (Vaults:4)
  2 wargs (shapeshifter)
  11 swamp worms
  2 acid dragons
  6 hell hounds
  A floating eye (Depths:3)
  11 water moccasins
  9 black bears
  24 swamp drakes
  7 porcupines
  An eye of draining (D:11)
  A hornet zombie (D:15)
  4 necrophages
  32 orc warriors
  3 ettin simulacra (Depths:4)
  3 ice beasts
  84 ogres
  13 boggarts
  A sky beast (D:8)
  2 phantoms
  27 wolves
  12 centaurs
  12 crocodiles
  16 bullfrogs
  4 earth elementals
  A gnoll sergeant (Orc:2)
  3 scorpions
  A wyvern skeleton (D:8)
  An orc simulacrum (Vaults:1)
  13 killer bees
  6 electric eels
  5 howler monkeys
  5 crimson imps
  2 centaur zombies
  A bullfrog zombie (D:13)
  6 hounds
  4 quasits
  2 human simulacra
  An iron imp (Depths:2)
  6 jellies
  8 centaur skeletons
  5 bullfrog skeletons
  16 orc priests
  6 iguanas
  23 orc wizards
  15 worker ants
  2 killer bee zombies
  5 hound skeletons
  Robin (D:3)
  2 worker ant zombies
  23 gnolls
  14 adders
  3 shadow imps
  A white imp (Depths:2)
  An ufetubus (Depths:2)
  3 oozes
  An adder zombie (D:9)
  A worm (D:3)
  7 leopard geckos
  A leopard gecko (shapeshifter) (Vaults:5)
  99 orcs
  2 giant cockroaches
  21 goblins
  12 hobgoblins
  8 jackals
  2 quokkas
  A ball python (shapeshifter) (Vaults:5)
  6 bats
  5 frilled lizards
  6 kobolds
  A leopard gecko skeleton (D:5)
  A leopard gecko zombie (D:7)
  11 rats
2385 creatures vanquished.

Vanquished Creatures (others)
  A lich (Vaults:5)
  A ghoul (Vaults:5)
  A stone giant (Vaults:5)
  2 yaktaur captains (Vaults:5)
  An ettin (Depths:1)
  A centaur warrior (Vaults:2)
  A dancing weapon (Elf:1)
  2 alligators (Swamp:4)
  A vampire mage (Depths:3)
  2 swamp dragons (Swamp:4)
  2 lindwurms (Swamp:4)
  4 deep elf magi
  A mana viper (Snake:4)
  11 yaktaurs
  A tyrant leech (Swamp:2)
  An air elemental (WizLab)
  A spriggan (Depths:5)
  A steam dragon (Swamp:4)
  A vampire mosquito (Swamp:4)
  2 swamp drakes (Swamp:4)
  An ogre (Vaults:5)
  A boggart (Depths:1)
  An orc (Vaults:1)
  2 fungi
  3 plants (D:9)
46 creatures vanquished.

Grand Total: 2431 creatures vanquished

Notes
Turn   | Place    | Note
-------+----------+-------------------------------------------
     0 | D:1      | kuniqs the Gnoll Fighter began the quest for the Orb.
     0 | D:1      | Reached XP level 1. HP: 23/23 MP: 1/1
    75 | D:1      | Found a sparkling altar of Nemelex Xobeh.
   222 | D:1      | Reached XP level 2. HP: 29/29 MP: 2/2
   462 | D:1      | Reached XP level 3. HP: 35/35 MP: 3/3
   786 | D:2      | Reached skill level 1 in Invocations
   798 | D:2      | Found a faded altar of an unknown god.
   867 | D:2      | Reached skill level 1 in Long Blades
   867 | D:2      | Reached skill level 1 in Axes
   867 | D:2      | Reached skill level 1 in Maces & Flails
   867 | D:2      | Reached skill level 1 in Polearms
   867 | D:2      | Reached skill level 1 in Staves
   867 | D:2      | Reached skill level 1 in Slings
   867 | D:2      | Reached skill level 1 in Bows
   867 | D:2      | Reached skill level 1 in Crossbows
   867 | D:2      | Reached skill level 1 in Throwing
   867 | D:2      | Reached skill level 1 in Dodging
   867 | D:2      | Reached skill level 1 in Stealth
   867 | D:2      | Reached skill level 1 in Unarmed Combat
   867 | D:2      | Reached skill level 1 in Spellcasting
   867 | D:2      | Reached skill level 1 in Evocations
   867 | D:2      | Reached XP level 4. HP: 41/41 MP: 5/5
   875 | D:2      | Found a blossoming altar of Fedhas.
   902 | D:2      | Found a stormy altar of Qazlal.
  1119 | D:2      | Reached skill level 1 in Conjurations
  1119 | D:2      | Reached skill level 1 in Hexes
  1119 | D:2      | Reached skill level 1 in Charms
  1119 | D:2      | Reached skill level 1 in Summonings
  1119 | D:2      | Reached skill level 1 in Necromancy
  1119 | D:2      | Reached skill level 1 in Translocations
  1119 | D:2      | Reached skill level 1 in Transmutations
  1119 | D:2      | Reached skill level 1 in Fire Magic
  1119 | D:2      | Reached skill level 1 in Ice Magic
  1119 | D:2      | Reached skill level 1 in Air Magic
  1119 | D:2      | Reached skill level 1 in Earth Magic
  1119 | D:2      | Reached skill level 1 in Poison Magic
  1434 | D:1      | Reached XP level 5. HP: 38/47 MP: 6/6
  1722 | D:2      | Found a bloodstained altar of Trog.
  1823 | D:2      | Found a deep blue altar of Sif Muna.
  1851 | D:3      | Noticed Robin
  1919 | D:3      | Killed Robin
  2079 | D:3      | Reached XP level 6. HP: 21/53 MP: 8/8
  2268 | D:3      | Found a shadowy altar of Dithmenos.
  2559 | D:3      | Noticed Grinder
  2570 | D:3      | Paralysed by Grinder for 4 turns
  2637 | D:4      | Noticed Edmund
  2665 | D:4      | Killed Edmund
  2665 | D:4      | Reached skill level 5 in Short Blades
  2935 | D:4      | Reached XP level 7. HP: 59/59 MP: 10/10
  3120 | D:4      | Found a burning altar of Makhleb.
  3256 | D:4      | Found a glowing golden altar of the Shining One.
  3634 | D:4      | Reached XP level 8. HP: 35/67 MP: 12/12
  3908 | D:5      | Entered Level 5 of the Dungeon
  4384 | D:5      | Found a staircase to the Ecumenical Temple.
  4393 | Temple   | Entered the Ecumenical Temple
  4505 | Temple   | Became a worshipper of Warmaster Okawaru
  4964 | D:3      | Paralysed by Grinder for 6 turns
  4971 | D:3      | Killed Grinder
  4971 | D:3      | Reached * piety under Okawaru
  5192 | D:6      | Found a basalt altar of Yredelemnul.
  5295 | D:6      | Reached XP level 9. HP: 53/72 MP: 14/14
  6112 | D:7      | Reached ** piety under Okawaru
  6189 | D:7      | Found a hazy altar of Hepliaklqana.
  6255 | D:7      | Found an opulent altar of Gozag.
  6474 | D:7      | Found a glowing silver altar of Zin.
  6915 | D:8      | Reached skill level 5 in Invocations
  6929 | D:8      | Noticed a +0 hand axe
  6929 | D:8      | Noticed a +0 dagger
  6932 | D:8      | Found a hide-covered altar of Uskayaw.
  6936 | D:8      | Noticed Maurice
  6980 | D:8      | Noticed Psyche
  6983 | D:8      | Killed Psyche
  6983 | D:8      | Reached *** piety under Okawaru
  6983 | D:8      | Reached XP level 10. HP: 76/80 MP: 15/17
  7026 | D:8      | Killed Maurice
  7133 | D:8      | Reached skill level 5 in Long Blades
  7133 | D:8      | Reached skill level 5 in Axes
  7133 | D:8      | Reached skill level 5 in Maces & Flails
  7133 | D:8      | Reached skill level 5 in Polearms
  7133 | D:8      | Reached skill level 5 in Staves
  7133 | D:8      | Reached skill level 5 in Slings
  7133 | D:8      | Reached skill level 5 in Bows
  7133 | D:8      | Reached skill level 5 in Crossbows
  7133 | D:8      | Reached skill level 5 in Throwing
  7133 | D:8      | Reached skill level 5 in Dodging
  7133 | D:8      | Reached skill level 5 in Stealth
  7133 | D:8      | Reached skill level 5 in Unarmed Combat
  7133 | D:8      | Reached skill level 5 in Spellcasting
  7133 | D:8      | Reached skill level 5 in Evocations
  7155 | D:8      | Reached **** piety under Okawaru
  7284 | D:8      | Found a sacrificial altar of Ru.
  7609 | D:9      | Found a staircase to the Lair.
  9352 | D:10     | Entered Level 10 of the Dungeon
  9362 | D:10     | Noticed a cyan ugly thing
  9378 | D:10     | Killed a cyan ugly thing
  9392 | D:10     | Reached XP level 11. HP: 87/87 MP: 19/19
  9452 | D:10     | Reached ***** piety under Okawaru
  9627 | D:10     | Noticed a two-headed ogre
  9630 | D:10     | Killed a two-headed ogre
  9661 | D:10     | Reached skill level 5 in Conjurations
  9661 | D:10     | Reached skill level 5 in Hexes
  9661 | D:10     | Reached skill level 5 in Charms
  9661 | D:10     | Reached skill level 5 in Summonings
  9661 | D:10     | Reached skill level 5 in Necromancy
  9661 | D:10     | Reached skill level 5 in Translocations
  9661 | D:10     | Reached skill level 5 in Transmutations
  9661 | D:10     | Reached skill level 5 in Fire Magic
  9661 | D:10     | Reached skill level 5 in Ice Magic
  9661 | D:10     | Reached skill level 5 in Air Magic
  9661 | D:10     | Reached skill level 5 in Earth Magic
  9661 | D:10     | Reached skill level 5 in Poison Magic
  9677 | D:10     | Killed an unseen horror
  9896 | D:10     | Killed an unseen horror
 10015 | D:10     | Received a gift from Okawaru
 10977 | D:11     | Found Foucesche's Food Emporium.
 11013 | D:11     | Found Niradwum's Magic Scroll Shoppe.
 11024 | D:11     | Bought a scroll of enchant armour for 75 gold pieces
 11024 | D:11     | Bought a scroll of identify for 20 gold pieces
 11102 | D:11     | Reached XP level 12. HP: 66/96 MP: 20/22
 11168 | D:11     | Found Lawir's Armour Boutique.
 11185 | D:11     | Found Rysku's Book Shoppe.
 11478 | D:11     | Found Sagyniny's Magic Scroll Emporium.
 11605 | Lair:1   | Entered Level 1 of the Lair of Beasts
 11687 | Lair:1   | Received a gift from Okawaru
 11928 | Lair:1   | Noticed Fannar
 11939 | Lair:1   | Killed Fannar
 11939 | Lair:1   | Received a gift from Okawaru
 12810 | Lair:2   | Received a gift from Okawaru
 13676 | Lair:3   | Found a staircase to the Swamp.
 13869 | Lair:3   | Reached skill level 10 in Fighting
 13869 | Lair:3   | Reached skill level 10 in Armour
 13869 | Lair:3   | Reached skill level 10 in Shields
 13997 | Lair:3   | Noticed a four-headed hydra
 14004 | Lair:3   | Killed a four-headed hydra
 14015 | Lair:3   | Noticed a four-headed hydra
 14038 | Lair:3   | Killed a four-headed hydra
 14356 | Lair:3   | Reached XP level 13. HP: 94/103 MP: 24/24
 14403 | Lair:3   | Found a staircase to the Snake Pit.
 14721 | Lair:4   | Reached ****** piety under Okawaru
 14721 | Lair:4   | Received a gift from Okawaru
 16140 | Lair:5   | Received a gift from Okawaru
 16143 | Lair:5   | Got a warped plate armour {god gift}
 16325 | Lair:5   | Identified the +12 plate armour "Suny" {rElec Str+4}
                  | (Okawaru gifted it to you on level 5 of the Lair of Beasts)
 16450 | Lair:5   | Found a viscous altar of Jiyva.
 16451 | Lair:5   | Found a staircase to the Slime Pits.
 16710 | Lair:6   | Entered Level 6 of the Lair of Beasts
 17137 | Lair:6   | Reached XP level 14. HP: 111/111 MP: 26/26
 17535 | Lair:6   | Reached skill level 10 in Short Blades
 17609 | Lair:6   | Received a gift from Okawaru
 17744 | Lair:6   | Paralysed by a hornet for 1 turns
 18274 | Lair:6   | Noticed Nessos
 18282 | Lair:6   | Killed Nessos
 18282 | Lair:6   | Reached skill level 10 in Invocations
 18831 | D:12     | Received a gift from Okawaru
 18986 | D:12     | Found a staircase to the Orcish Mines.
 19474 | D:12     | Reached XP level 15. HP: 105/119 MP: 28/28
 20003 | D:13     | Got a brightly glowing morningstar
 20030 | D:13     | Noticed Josephine
 20038 | D:13     | Killed Josephine
 20090 | D:13     | Identified the cursed +1 morningstar of Aled {freeze,
                  | *Noise rC+ Dex+3} (You found it on level 13 of the Dungeon)
 20849 | D:14     | Noticed Rupert
 20888 | D:14     | Killed Rupert
 20947 | D:14     | Noticed Jorgrun
 20967 | D:14     | Killed Jorgrun
 21079 | D:14     | Identified a scroll of acquirement
 21083 | D:14     | Got a pitted short sword
 21096 | D:14     | Reached skill level 10 in Long Blades
 21096 | D:14     | Reached skill level 10 in Axes
 21096 | D:14     | Reached skill level 10 in Maces & Flails
 21096 | D:14     | Reached skill level 10 in Polearms
 21096 | D:14     | Reached skill level 10 in Staves
 21096 | D:14     | Reached skill level 10 in Slings
 21096 | D:14     | Reached skill level 10 in Bows
 21096 | D:14     | Reached skill level 10 in Crossbows
 21096 | D:14     | Reached skill level 10 in Throwing
 21096 | D:14     | Reached skill level 10 in Dodging
 21096 | D:14     | Reached skill level 10 in Stealth
 21096 | D:14     | Reached skill level 10 in Unarmed Combat
 21096 | D:14     | Reached skill level 10 in Spellcasting
 21096 | D:14     | Reached skill level 10 in Evocations
 21137 | D:14     | Received a gift from Okawaru
 21281 | D:14     | Found a gate to the Vaults.
 21346 | D:14     | Identified the +8 short sword "Imp's Doom" {pierce, rPois
                  | rF+ rC+} (You acquired it on level 14 of the Dungeon)
 21757 | D:15     | Entered Level 15 of the Dungeon
 22498 | D:15     | Paralysed by a wizard for 3 turns
 22505 | D:15     | Paralysed by a wizard for 7 turns
 22545 | D:15     | Found a staircase to the Depths.
 22573 | D:15     | Reached XP level 16. HP: 107/127 MP: 30/30
 22877 | Orc:1    | Entered Level 1 of the Orcish Mines
 23153 | Orc:1    | Received a gift from Okawaru
 23163 | Orc:1    | Got a smelly chain mail {god gift}
 23215 | Orc:1    | Found Cuch's Food Shoppe.
 23877 | Orc:1    | Paralysed by an ogre mage for 3 turns
 24499 | Orc:1    | Found the +9 heavy crossbow "Sniper" {velocity, Acc+∞ SInv}
 24499 | Orc:1    | Found the +7 pair of quick blades "Gyre" and "Gimble"
                  | {protect}
 24607 | Orc:2    | Entered Level 2 of the Orcish Mines
 24607 | Orc:2    | Found a staircase to the Elven Halls.
 25135 | Orc:2    | Noticed Snorg
 25148 | Orc:2    | Identified the +1 chain mail of Yghilit {*Corrode MR+++
                  | Str+6} (Okawaru gifted it to you on level 1 of the Orcish
                  | Mines)
 25173 | Orc:2    | Received a gift from Okawaru
 25220 | Orc:2    | Killed Snorg
 25260 | Orc:2    | Received a gift from Okawaru
 25397 | Orc:2    | Found Cetsuattaleo's Distillery.
 25518 | Orc:2    | Found a roughly hewn altar of Beogh.
 25570 | Orc:2    | Bought a potion of mutation for 136 gold pieces
 25570 | Orc:2    | Bought a potion of heal wounds for 85 gold pieces
 25570 | Orc:2    | Bought a potion of heal wounds for 85 gold pieces
 25570 | Orc:2    | Bought a potion of heal wounds for 85 gold pieces
 25570 | Orc:2    | Bought 3 potions of heal wounds for 255 gold pieces
 25611 | Orc:2    | Found Detibb's Jewellery Shoppe.
 25612 | Orc:2    | Found Usacsaej's Antique Armour Boutique.
 25612 | Orc:2    | Found Jaheuged's Weapon Emporium.
 25612 | Orc:2    | Found Kove's Book Boutique.
 25619 | Orc:2    | Bought a pair of embroidered boots for 180 gold pieces
 25634 | Orc:2    | Bought an uncursed ring of protection from magic for 325
                  | gold pieces
 26178 | Swamp:1  | Entered Level 1 of the Swamp
 26374 | Swamp:1  | Reached XP level 17. HP: 98/135 MP: 30/32
 28774 | Swamp:3  | Received a gift from Okawaru
 28777 | Swamp:3  | Got a faintly glowing chain mail {god gift}
 29546 | Swamp:4  | Entered Level 4 of the Swamp
 29875 | Swamp:4  | Got a decaying rune of Zot
 30007 | Swamp:4  | Identified the +0 chain mail of the Ward {*Corrode rPois
                  | Int-3 Slay+5} (Okawaru gifted it to you on level 3 of the
                  | Swamp)
 30509 | Snake:1  | Entered Level 1 of the Snake Pit
 30604 | Snake:1  | Reached skill level 10 in Conjurations
 30604 | Snake:1  | Reached skill level 10 in Hexes
 30604 | Snake:1  | Reached skill level 10 in Charms
 30604 | Snake:1  | Reached skill level 10 in Summonings
 30604 | Snake:1  | Reached skill level 10 in Necromancy
 30604 | Snake:1  | Reached skill level 10 in Translocations
 30604 | Snake:1  | Reached skill level 10 in Transmutations
 30604 | Snake:1  | Reached skill level 10 in Fire Magic
 30604 | Snake:1  | Reached skill level 10 in Ice Magic
 30604 | Snake:1  | Reached skill level 10 in Air Magic
 30604 | Snake:1  | Reached skill level 10 in Earth Magic
 30604 | Snake:1  | Reached skill level 10 in Poison Magic
 30648 | Snake:1  | Received a gift from Okawaru
 30801 | Snake:1  | Reached XP level 18. HP: 93/143 MP: 33/33
 31265 | Snake:1  | Noticed Azrael
 31268 | Snake:1  | Found Inos's Book Boutique.
 31278 | Snake:1  | Killed Azrael
 31482 | Snake:1  | Found Pottig's Gadget Boutique.
 31483 | Snake:1  | Found Zuojav's Jewellery Shoppe.
 31484 | Snake:1  | Found Dyteut's Gadget Boutique.
 31496 | Snake:1  | Bought an uncursed amulet of regeneration for 480 gold
                  | pieces
 31496 | Snake:1  | Bought the ring of Discretion {rElec MR+ MP+9 Str+4 Int+2}
                  | for 1128 gold pieces
 31910 | Snake:2  | Received a gift from Okawaru
 32309 | Snake:2  | Received a gift from Okawaru
 32757 | Snake:3  | Received a gift from Okawaru
 33142 | Snake:3  | Gained mutation: You have a pair of small antennae on your
                  | head. [potion of mutation]
 33142 | Snake:3  | Gained mutation: Your spells are a little harder to cast,
                  | but a little more powerful. [potion of mutation]
 33142 | Snake:3  | Gained mutation: You are covered in fur. (AC +1) [potion of
                  | mutation]
 33143 | Snake:3  | Lost mutation: Your spells are a little harder to cast, but
                  | a little more powerful. [potion of mutation]
 33143 | Snake:3  | Lost mutation: You have a pair of small antennae on your
                  | head. [potion of mutation]
 33143 | Snake:3  | Gained mutation: You are clumsy. (Dex -2) [potion of
                  | mutation]
 33143 | Snake:3  | Gained mutation: Your body sometimes deteriorates upon
                  | taking damage. [potion of mutation]
 33143 | Snake:3  | Gained mutation: Your spells are a little harder to cast,
                  | but a little more powerful. [potion of mutation]
 33144 | Snake:3  | Lost mutation: You are clumsy. (Dex -2) [potion of
                  | mutation]
 33144 | Snake:3  | Lost mutation: Your body sometimes deteriorates upon taking
                  | damage. [potion of mutation]
 33144 | Snake:3  | Lost mutation: You are covered in fur. (AC +1) [potion of
                  | mutation]
 33144 | Snake:3  | Lost mutation: Your spells are a little harder to cast, but
                  | a little more powerful. [potion of mutation]
 33144 | Snake:3  | Gained mutation: You have sharp toenails. [potion of
                  | mutation]
 33144 | Snake:3  | Gained mutation: You tend to lose your temper in combat.
                  | [potion of mutation]
 33144 | Snake:3  | Gained mutation: Your body sometimes deteriorates upon
                  | taking damage. [potion of mutation]
 33145 | Snake:3  | Lost mutation: Your body sometimes deteriorates upon taking
                  | damage. [potion of mutation]
 33145 | Snake:3  | Lost mutation: You tend to lose your temper in combat.
                  | [potion of mutation]
 33145 | Snake:3  | Lost mutation: You have sharp toenails. [potion of
                  | mutation]
 33145 | Snake:3  | Gained mutation: You are partially covered in slimy green
                  | scales. (AC +2) [potion of mutation]
 33145 | Snake:3  | Gained mutation: Your muscles are strong. (Str +2) [potion
                  | of mutation]
 33234 | Snake:4  | Entered Level 4 of the Snake Pit
 33594 | Snake:4  | Reached XP level 19. HP: 132/151 MP: 35/35
 33851 | Snake:4  | Received a gift from Okawaru
 34471 | Snake:4  | Got a serpentine rune of Zot
 34750 | Elf:1    | Entered Level 1 of the Elven Halls
 36105 | Elf:2    | Found a flickering gateway to a bazaar.
 36134 | Bazaar   | Entered a bazaar
 36136 | Bazaar   | Found Hiapy's Antique Armour Emporium.
 36159 | Bazaar   | Found Nucipn's Weapon Shoppe.
 36165 | Bazaar   | Found Mummyinne's Magic Scroll Boutique.
 36167 | Bazaar   | Found Wesiarawn's Magic Scroll Boutique.
 36172 | Bazaar   | Found Qudopp's Weapon Emporium.
 36198 | Bazaar   | Bought the +12 Vampire's Tooth {vamp} for 540 gold pieces
 36198 | Bazaar   | Found the +12 Vampire's Tooth {vamp}
 36207 | Bazaar   | Bought a scroll of enchant armour for 75 gold pieces
 36213 | Bazaar   | Bought a scroll of enchant armour for 82 gold pieces
 36410 | Elf:2    | Found a runed translucent gate.
 36410 | Elf:2    | Found a runed translucent gate.
 36410 | Elf:2    | Found a runed translucent gate.
 36778 | Elf:2    | Received a gift from Okawaru
 36854 | Elf:2    | Reached XP level 20. HP: 159/159 MP: 36/36
 37428 | Elf:3    | Entered Level 3 of the Elven Halls
 37595 | Elf:3    | Received a gift from Okawaru
 37620 | Elf:3    | Received a gift from Okawaru
 37639 | Elf:3    | Received a gift from Okawaru
 37799 | Elf:3    | Identified the +0 pair of gloves "Jattemit" {MR+ Slay+2}
                  | (Okawaru gifted it to you on level 3 of the Elven Halls)
 37865 | Elf:3    | Got a scintillating iron ring
 37866 | Elf:3    | Identified the ring "Jooduf" {AC+1 Str+2} (You found it on
                  | level 3 of the Elven Halls)
 37902 | Elf:3    | Got a glittering wooden ring
 37903 | Elf:3    | Identified the ring of the Swan {rPois rF+ Str+6} (You
                  | found it on level 3 of the Elven Halls)
 38015 | Elf:3    | Identified the Collected Works on Translocation and
                  | Weightlessness
 38023 | Elf:3    | Identified the +4 war axe "Kaept" {flame, Str+4} (You found
                  | it on level 3 of the Elven Halls)
 39014 | Vaults:1 | Entered Level 1 of the Vaults
 39334 | Vaults:1 | Reached XP level 21. HP: 166/166 MP: 38/38
 39375 | Vaults:1 | Received a gift from Okawaru
 39783 | Vaults:1 | Received a gift from Okawaru
 39918 | Vaults:1 | Noticed Saint Roka
 39947 | Vaults:1 | Killed Saint Roka
 39947 | Vaults:1 | Received a gift from Okawaru
 40230 | Vaults:1 | Received a gift from Okawaru
 40425 | Vaults:1 | Noticed Aizul
 40441 | Vaults:1 | Killed Aizul
 40672 | Vaults:2 | Received a gift from Okawaru
 40689 | Vaults:2 | Found a flickering gateway to a bazaar.
 40700 | Bazaar   | Entered a bazaar
 40700 | Bazaar   | Found Fufusef's Food Shoppe.
 40700 | Bazaar   | Found Coxzirorr's Gadget Emporium.
 40704 | Bazaar   | Found Poigg's Jewellery Shoppe.
 40718 | Bazaar   | Found Fenetuc's Armour Emporium.
 40740 | Bazaar   | Bought a +3 amulet of reflection for 266 gold pieces
 40970 | Vaults:2 | Reached skill level 15 in Fighting
 40970 | Vaults:2 | Reached skill level 15 in Armour
 40970 | Vaults:2 | Reached skill level 15 in Shields
 41162 | Vaults:2 | Received a gift from Okawaru
 41197 | Vaults:2 | Identified the +11 rapier of Eteisen {pierce, *Rage
                  | *Corrode rElec Str+4} (You found it on level 2 of the
                  | Vaults)
 41243 | Vaults:2 | Reached skill level 15 in Invocations
 41421 | Vaults:2 | Received a gift from Okawaru
 41578 | Vaults:2 | Found Piuss's Gadget Boutique.
 41813 | Vaults:3 | Found a staircase to the Crypt.
 42329 | Vaults:3 | Reached XP level 22. HP: 175/175 MP: 40/40
 42752 | Vaults:3 | You fall into a shaft and drop 1 floor!
 42916 | Vaults:4 | Received a gift from Okawaru
 43812 | Vaults:4 | Identified the Disquisition on Boosts and Earth
 44060 | Vaults:4 | Reached skill level 15 in Short Blades
 44531 | Vaults:4 | Identified Jesaez's Collected Works on Weightlessness and
                  | the Volcanoes
 44823 | Vaults:5 | Entered Level 5 of the Vaults
 44941 | Vaults:5 | Received a gift from Okawaru
 45014 | Vaults:5 | Reached XP level 23. HP: 168/183 MP: 41/41
 45056 | Vaults:5 | Received a gift from Okawaru
 45085 | Vaults:5 | Noticed a golden dragon
 45110 | Vaults:5 | Killed a golden dragon
 45167 | Vaults:5 | Got a silver rune of Zot
 45269 | Vaults:5 | Received a gift from Okawaru
 45270 | Vaults:5 | Identified the +0 pair of gloves of Oblivion {rC+} (Okawaru
                  | gifted it to you on level 5 of the Vaults)
 45285 | Vaults:5 | Found Fesmal's Food Boutique.
 45309 | Vaults:5 | Found Quadaff's Food Shoppe.
 45380 | Vaults:5 | Identified the +6 quarterstaff of the Trees {holy, Str+3}
 45486 | Vaults:5 | Reached skill level 15 in Long Blades
 45486 | Vaults:5 | Reached skill level 15 in Axes
 45486 | Vaults:5 | Reached skill level 15 in Maces & Flails
 45486 | Vaults:5 | Reached skill level 15 in Polearms
 45486 | Vaults:5 | Reached skill level 15 in Staves
 45486 | Vaults:5 | Reached skill level 15 in Slings
 45486 | Vaults:5 | Reached skill level 15 in Bows
 45486 | Vaults:5 | Reached skill level 15 in Crossbows
 45486 | Vaults:5 | Reached skill level 15 in Throwing
 45486 | Vaults:5 | Reached skill level 15 in Dodging
 45486 | Vaults:5 | Reached skill level 15 in Stealth
 45486 | Vaults:5 | Reached skill level 15 in Unarmed Combat
 45486 | Vaults:5 | Reached skill level 15 in Spellcasting
 45486 | Vaults:5 | Reached skill level 15 in Evocations
 45771 | Vaults:5 | Identified the +10 spear of Courage {speed, Str+2 Int+3
                  | Stlth+}
 45907 | Vaults:5 | Received a gift from Okawaru
 45909 | Vaults:5 | Identified the Collected Works on Conjuration
 45962 | Vaults:5 | Identified the +1 plate armour "Ruvoq" {Str+3 Dex+3 SInv}
 46027 | Vaults:5 | Received a gift from Okawaru
 46127 | Vaults:5 | Identified the -4 helmet "Riryxo Uppor" {Regen+ MP+9 Int+4}
                  | (You found it on level 5 of the Vaults)
 46280 | Vaults:5 | Identified the +9 rapier of Bodily Harmony {flame, rPois
                  | Str-4 Stlth+}
 46473 | Vaults:5 | Reached XP level 24. HP: 191/191 MP: 42/42
 46572 | Vaults:5 | Found Timaucw's Magic Scroll Emporium.
 46576 | Vaults:5 | Bought a scroll of enchant armour for 150 gold pieces
 47197 | Depths:1 | Entered Level 1 of the Depths
 47213 | Depths:1 | Identified the +4 faerie dragon scales {rElec rC++ rCorr
                  | Dex-3 Stlth+}
 47213 | Depths:1 | Noticed the Enchantress
 47289 | Depths:1 | Killed the Enchantress
 47550 | Depths:1 | Found a gateway to Hell.
 48057 | Depths:1 | Found Zaoc's Demolitions Depot.
 48129 | Depths:1 | Received a gift from Okawaru
 48838 | Depths:2 | Found a magical portal.
 48843 | WizLab   | Entered The Chambers of the Cloud Mage
 49261 | WizLab   | Got a wavering bronze ring
 49262 | WizLab   | Identified the ring "Zicosch" {+Fly MR+ AC+3 Dex+3} (You
                  | found it in a wizard's laboratory)
 49268 | WizLab   | Got a faintly glowing copper ring
 49269 | WizLab   | Identified the ring "Lujiappa" {MR+ EV+4 Str+4 Int-3} (You
                  | found it in a wizard's laboratory)
 49271 | WizLab   | Identified Fuydghuz's Volume of Lightness
 49576 | Depths:2 | Received a gift from Okawaru
 49764 | Depths:2 | Reached XP level 25. HP: 200/200 MP: 42/42
 50306 | Depths:2 | Found a one-way gate leading to the halls of Pandemonium.
 51365 | Depths:3 | Found a gateway to a ziggurat.
 51423 | Depths:3 | Found Ziaghi's Gadget Emporium.
 51424 | Depths:3 | Found Dinky's Antique Weapon Shoppe.
 51424 | Depths:3 | Found Xoell's General Store.
 51427 | Depths:3 | Found Mirruunt's Distillery.
 51444 | Depths:3 | Bought a potion of might for 80 gold pieces
 51444 | Depths:3 | Bought a potion of might for 80 gold pieces
 51444 | Depths:3 | Bought a potion of heal wounds for 100 gold pieces
 51444 | Depths:3 | Bought a potion of agility for 80 gold pieces
 51444 | Depths:3 | Bought a potion of resistance for 200 gold pieces
 51701 | Depths:4 | Received a gift from Okawaru
 51926 | Depths:4 | Found a glowing silver altar of Zin.
 52106 | Depths:4 | Noticed a juggernaut
 52122 | Depths:4 | Killed a juggernaut
 52364 | Depths:4 | Received a gift from Okawaru
 52439 | Depths:4 | Found an opulent altar of Gozag.
 52451 | Depths:4 | Reached XP level 26. HP: 140/208 MP: 43/43
 52642 | Depths:4 | Noticed a juggernaut
 52782 | Depths:4 | Found a shattered altar of Ashenzari.
 52782 | Depths:4 | Found a one-way gate to the infinite horrors of the Abyss.
 52856 | Depths:4 | Received a gift from Okawaru
 53201 | Depths:4 | Killed a juggernaut
 53273 | Depths:4 | Found a snail-covered altar of Cheibriados.
 53723 | Depths:5 | Entered Level 5 of the Depths
 53782 | Depths:5 | Received a gift from Okawaru
 54140 | Depths:5 | Found a gate to the Realm of Zot.
 55032 | Zot:1    | Entered Level 1 of the Realm of Zot
 55267 | Zot:1    | Received a gift from Okawaru
 55504 | Zot:1    | Reached XP level 27. HP: 217/217 MP: 43/43
 56807 | Zot:2    | Received a gift from Okawaru
 56880 | Zot:2    | Identified the cursed +0 buckler of Complete Protection
                  | {Regen+} (You found it on level 2 of the Realm of Zot)
 56953 | Zot:2    | Received a gift from Okawaru
 57439 | Zot:3    | Reached skill level 15 in Conjurations
 57439 | Zot:3    | Reached skill level 15 in Hexes
 57439 | Zot:3    | Reached skill level 15 in Charms
 57439 | Zot:3    | Reached skill level 15 in Summonings
 57439 | Zot:3    | Reached skill level 15 in Necromancy
 57439 | Zot:3    | Reached skill level 15 in Translocations
 57439 | Zot:3    | Reached skill level 15 in Transmutations
 57439 | Zot:3    | Reached skill level 15 in Fire Magic
 57439 | Zot:3    | Reached skill level 15 in Ice Magic
 57439 | Zot:3    | Reached skill level 15 in Air Magic
 57439 | Zot:3    | Reached skill level 15 in Earth Magic
 57439 | Zot:3    | Reached skill level 15 in Poison Magic
 59103 | Zot:5    | Entered Level 5 of the Realm of Zot
 59397 | Zot:5    | Received a gift from Okawaru
 59784 | Zot:5    | Noticed an ancient lich
 59784 | Zot:5    | Noticed an orb of fire
 59790 | Zot:5    | Killed an orb of fire
 59805 | Zot:5    | Killed an ancient lich
 59836 | Zot:5    | Noticed an ancient lich
 59836 | Zot:5    | Noticed an ancient lich
 59836 | Zot:5    | Noticed an ancient lich
 59845 | Zot:5    | Killed an ancient lich
 59850 | Zot:5    | Killed an ancient lich
 59858 | Zot:5    | Killed an ancient lich
 59932 | Zot:5    | Received a gift from Okawaru
 59962 | Zot:5    | Noticed an ancient lich
 60001 | Zot:5    | Killed an ancient lich
 60090 | Zot:5    | Noticed an orb of fire
 60097 | Zot:5    | Killed an orb of fire
 60123 | Zot:5    | Noticed an ancient lich
 60126 | Zot:5    | Noticed an ancient lich
 60129 | Zot:5    | Noticed an orb of fire
 60139 | Zot:5    | Killed an orb of fire
 60150 | Zot:5    | Killed an ancient lich
 60161 | Zot:5    | Noticed an ancient lich
 60173 | Zot:5    | Noticed an ancient lich
 60181 | Zot:5    | Noticed an ancient lich
 60197 | Zot:5    | Killed an ancient lich
 60197 | Zot:5    | Received a gift from Okawaru
 60210 | Zot:5    | Killed an ancient lich
 60215 | Zot:5    | Killed an ancient lich
 60219 | Zot:5    | Killed an ancient lich
 60724 | Zot:5    | Got the Orb of Zot
 60776 | Zot:4    | Noticed Sedanioc the pandemonium lord
 60810 | Zot:4    | Killed Sedanioc the pandemonium lord
 60886 | Zot:1    | Noticed Joqaroul the pandemonium lord
 60930 | Depths:3 | Noticed Zobok the pandemonium lord
 60968 | Depths:3 | Killed Zobok the pandemonium lord
 61420 | D:$      | Escaped with the Orb!

Levels and vault maps discovered:
D:1:      mrwooster_arrival_statue_3, layout_loops_ring,
          nemelex_xobeh_ov_fountains_minmay
D:2:      layout_basic, grunt_temple_overflow_forces_of_nature, led_sif_pool,
          overflow_temple_1_default, chequers_ecumenical_altar_island,
          serial_bayou_lake_a
D:3:      layout_basic, nicolae_dithmenos_shadow_blocks, uniq_grinder,
          uniq_robin
D:4:      layout_loops_corners, kennysheep_mini_moat, first_ration,
          minmay_misc_feat_square, tso_metal_star, uniq_edmund
D:5:      cheibrodos_two_vegetables, layout_rooms,
          minmay_temple_entry_statues_fountains
D:6:      layout_cave_pods, yredelemnul_altar_generic
D:7:      layout_rooms, marbit_many_paths, old_standard_altar,
          old_standard_altar, kennysheep_generic_room_7
D:8:      layout_basic, dancing_weapons_uskayaw, nicolae_ru_path_of_blood,
          uniq_maurice, uniq_psyche
D:9:      layout_stronghold, david_lair_shrubbed
D:10:     layout_cave_pods, grunt_tengu_nest, hangedman_decor_peaks_small,
          minmay_misc_feat_rugged, minmay_strange_pillars
D:11:     layout_rooms, serial_shops, nicolae_shop_stone, kennysheep_little_box,
          shop, nicolae_shop_trees, nicolae_shop_temple_entry_statues_fountains,
          minmay_fractal_squares_gapless_5
D:12:     layout_loops_corners, orc_0_dummy, minmay_beelzebubs_servants
D:13:     layout_basic, uniq_josephine
D:14:     layout_roguey, skrybe_vaults_entry_preservation, kb_rosetta,
          uniq_rupert, uniq_jorgrun
D:15:     grunt_enter_depths_magical_seal, layout_irregular_city,
          serial_bayou_shore_a, roderic_lattice_a
Temple:   kb_temple_of_zot
Lair:1:   layout_gridlike, uniq_fannar
Lair:2:   layout_cave_pods, lemuel_fruit_fields, infiniplex_staircase_pool
Lair:3:   layout_loops_ring, skrybe_swamp_entry_bodies, dummy_snake_entry,
          patterned_corridor
Lair:4:   layout_gridlike, beast_lair_carwin_1, serial_bayou_shore_b
Lair:5:   layout_regular_city, dpeg_slime_entry_enclosed_altar,
          grunt_megastairs_4, minmay_lair_oklob_chamber
Lair:6:   minmay_lair_end_enchanted_forest, layout_misc_corridors,
          gammafunk_lair_bear_cave, uniq_nessos
Swamp:1:  layout_basic_swamp, evilmike_swamp_ruin_house_3,
          infiniplex_staircase_pool_2
Swamp:2:  layout_basic_swamp, nicolae_swamp_feature_on_the_river_bank,
          swamp_pool5
Swamp:3:  layout_falls_marsh, serial_swamp_ruin, evilmike_swamp_ruin_house_5,
          evilmike_swamp_ruin_house_2, evilmike_swamp_ruin_house_1
Swamp:4:  swamp_fiery, layout_basic_swamp
Snake:1:  layout_misc_corridors, serial_shops, shop_fountains,
          minmay_shop_grove, uniq_azrael
Snake:2:  layout_cave_shapes, lemuel_fruit_tree
Snake:3:  layout_misc_corridors, st_stairs_3
Snake:4:  johnstein_snake_rune_scales, layout_cave_shapes,
          chequers_hall_statues_y
Orc:1:    giant_chief_lemuel, layout_diamond_mine, serial_shops,
          nicolae_shop_stone, nicolae_orc_stony_grotto
Orc:2:    st_orc_ogre_mass, layout_caves, basic_altar, serial_shops,
          nicolae_shop_statue_plus, uniq_snorg
Elf:1:    eino_elf_arrival_sip, layout_onion_city, evilmike_minifort
Elf:2:    layout_geoelf_diagonals, serial_shops, bzr_entry_dummy
Elf:3:    minmay_elf_hall_quartered_circle, layout_geoelf_castle,
          nicolae_twisting_strands
Vaults:1: v_rooms_3, v_misc_16, v_misc_30, nicolae_vaults_triangles, v_misc_23,
          ontoclasm_vaults_gateway, nicolae_vaults_quadrants,
          vaults_room_semicircle, vaults_mumra_lcd, ontoclasm_vaults_hangar,
          nicolae_vaults_border_crossing, vaults_room_stairs_pillars,
          layout_vaults_omnicross, uniq_aizul, uniq_saint_roka
Vaults:2: v_misc_24, hangedman_vaults_nails, v_misc_3,
          nicolae_vaults_windows_and_doors_thing, grunt_vaults_funnel, v_misc_5,
          nicolae_vaults_mini_display_case, v_misc_19, v_misc_23, v_misc_8,
          vaults_room_semicircle, layout_vaults_maze_bifur, serial_shops,
          bzr_entry_gold, shop
Vaults:3: minmay_crypt_entry_simple_round, vaults_room_door_hall,
          vaults_room_guarded_vault, vaults_room_stairs_pillars, v_misc_28,
          hangedman_vaults_nails, hangedman_vaults_maws, v_misc_13,
          ontoclasm_vaults_ligature, grunt_vaults_focal,
          nicolae_vaults_rhombus_5, layout_vaults_chaotic_city
Vaults:4: v_misc_22, v_misc_24, v_misc_26, vaults_dpeg_cross,
          layout_vaults_omnigrid
Vaults:5
Depths:1: four-leaf_vault, layout_basic, hell_entry, minmay_misc_feat_columns,
          kennysheep_cluttered_room, hangedman_abyss_or_decor_stagger,
          nicolae_blasting_shop, drop_trap, dk_noncrumbling_4,
          minmay_misc_feat_enclosed, minmay_misc_feat_tower, uniq_enchantress
Depths:2: cheibrodos_tormentor_scu, layout_basic, grunt_pan_entry_in_and_out,
          hell_entry, infiniplex_enter_wizlab_spiral, minmay_holes
Depths:3: thingy_vault, layout_cave_pools, enter_ziggurat_a,
          columned_hall_lemuel, hell_entry, pan_entry, minmay_shoptagon
Depths:4: grunt_profane_halls [grunt_profane_temple_tar,
          grunt_profane_temple_coc, grunt_profane_temple_dis,
          grunt_profane_temple_geh, grunt_profane_loot], abyss_entry, hell_entry
Depths:5: grunt_zot_entry_bicorn, layout_basic, lightli_too_deep,
          nooodl_food_tri
Zot:1:    layout_twisted_circle
Zot:2:    kennysheep_blocky_hall, layout_onion
Zot:3:    layout_gridlike, lemuel_baited_zot_trap, kennysheep_underground_church
Zot:4:    layout_concentric_octagons, lemuel_golem_globe
Zot:5:    layout_gridlike

Skill      XL: |  1  2  3  4  5  6  7  8  9 10 11 12 13 14 15 16 17 18 19 20 21 22 23 24 25 26 27 |
---------------+----------------------------------------------------------------------------------+-----
Invocations    | 1 2 3 4 5 6 7 8 9 10 11 12 13 14 15 16 17 18 19 | 19.8
Long Blades    | 1 2 3 4 5 6 7 8 9 10 11 12 13 14 15 16 18 | 18.4
Axes           | 1 2 3 4 5 6 7 8 9 10 11 12 13 14 15 16 18 | 18.4
Maces & Flails | 1 2 3 4 5 6 7 8 9 10 11 12 13 14 15 16 18 | 18.4
Polearms       | 1 2 3 4 5 6 7 8 9 10 11 12 13 14 15 16 18 | 18.4
Staves         | 1 2 3 4 5 6 7 8 9 10 11 12 13 14 15 16 18 | 18.4
Slings         | 1 2 3 4 5 6 7 8 9 10 11 12 13 14 15 16 18 | 18.4
Bows           | 1 2 3 4 5 6 7 8 9 10 11 12 13 14 15 16 18 | 18.4
Crossbows      | 1 2 3 4 5 6 7 8 9 10 11 12 13 14 15 16 18 | 18.4
Throwing       | 1 2 3 4 5 6 7 8 9 10 11 12 13 14 15 16 18 | 18.4
Dodging        | 1 2 3 4 5 6 7 8 9 10 11 12 13 14 15 16 18 | 18.4
Stealth        | 1 2 3 4 5 6 7 8 9 10 11 12 13 14 15 16 18 | 18.4
Unarmed Combat | 1 2 3 4 5 6 7 8 9 10 11 12 13 14 15 16 18 | 18.4
Spellcasting   | 1 2 3 4 5 6 7 8 9 10 11 12 13 14 15 16 18 | 18.4
Evocations     | 1 2 3 4 5 6 7 8 9 10 11 12 13 14 15 16 18 | 18.4
Conjurations   | 1 2 3 4 5 6 7 8 9 10 11 12 13 14 15 | 15.9
Hexes          | 1 2 3 4 5 6 7 8 9 10 11 12 13 14 15 | 15.9
Charms         | 1 2 3 4 5 6 7 8 9 10 11 12 13 14 15 | 15.9
Summonings     | 1 2 3 4 5 6 7 8 9 10 11 12 13 14 15 | 15.9
Necromancy     | 1 2 3 4 5 6 7 8 9 10 11 12 13 14 15 | 15.9
Translocations | 1 2 3 4 5 6 7 8 9 10 11 12 13 14 15 | 15.9
Transmutations | 1 2 3 4 5 6 7 8 9 10 11 12 13 14 15 | 15.9
Fire Magic     | 1 2 3 4 5 6 7 8 9 10 11 12 13 14 15 | 15.9
Ice Magic      | 1 2 3 4 5 6 7 8 9 10 11 12 13 14 15 | 15.9
Air Magic      | 1 2 3 4 5 6 7 8 9 10 11 12 13 14 15 | 15.9
Earth Magic    | 1 2 3 4 5 6 7 8 9 10 11 12 13 14 15 | 15.9
Poison Magic   | 1 2 3 4 5 6 7 8 9 10 11 12 13 14 15 | 15.9
Short Blades   | 5 6 7 8 9 10 11 12 13 14 15 16 17 18 | 18.8
Fighting       | 7 8 9 10 11 12 13 14 15 16 17 19 | 19.2
Armour         | 7 8 9 10 11 12 13 14 15 16 17 19 | 19.2
Shields        | 7 8 9 10 11 12 13 14 15 16 17 19 | 19.2

Action                   |  1- 3 |  4- 6 |  7- 9 | 10-12 | 13-15 | 16-18 | 19-21 | 22-24 | 25-27 || total
-------------------------+-------+-------+-------+-------+-------+-------+-------+-------+-------++-------
Melee: Rapier            |    95 |   213 |   203 |       |       |       |       |       |       ||   511
       Bite              |     8 |    26 |    63 |    86 |   198 |   358 |   444 |   611 |   948 ||  2742
       Hand axe          |       |       |   204 |   342 |       |       |       |       |       ||   546
       Scimitar          |       |       |       |   286 |   850 |       |       |       |       ||  1136
       Short sword       |       |       |       |       |   203 |  2046 |   355 |       |       ||  2604
       Quick blade       |       |       |       |       |       |       |  1795 |  2614 |  4032 ||  8441
Throw: Dart              |       |    19 |    32 |       |     5 |       |       |       |       ||    56
       Boomerang         |       |       |     5 |   101 |   125 |   356 |   196 |    16 |    31 ||   830
       Javelin           |       |       |       |     8 |    62 |    60 |    39 |     7 |    54 ||   230
Invok: Heroism           |       |       |       |    11 |    17 |    30 |     6 |     6 |    10 ||    80
       Finesse           |       |       |       |       |     1 |     2 |     5 |     5 |     5 ||    18
 Abil: Evoke Invisibilit |       |       |       |     1 |       |       |       |       |       ||     1
Evoke: Wand              |       |       |     4 |    20 |     3 |    12 |     2 |     1 |     1 ||    43
       Lamp of fire      |       |       |       |       |     1 |       |       |       |       ||     1
  Use: Scroll            |     1 |     6 |     5 |     8 |    13 |     7 |    18 |     9 |    24 ||    91
       Potion            |       |       |     2 |     2 |     3 |     4 |       |     4 |     7 ||    22
 Stab: Sleeping          |       |       |     1 |       |       |       |       |     2 |     5 ||     8
       Invisible         |       |       |       |     6 |     3 |       |       |       |       ||     9
       Paralysed         |       |       |       |       |     3 |     2 |       |       |       ||     5
       Confused          |       |       |       |       |       |     2 |       |       |       ||     2
       Distracted        |       |       |       |       |       |       |       |     2 |       ||     2
  Eat: Chunk             |       |     7 |    13 |    38 |    19 |    24 |    20 |    25 |    28 ||   174
       Ration            |       |       |       |     2 |       |     6 |       |       |     5 ||    13
Armor: Scale mail        |    32 |    65 |    80 |       |       |       |       |       |       ||   177
       Plate armour      |       |       |    53 |   485 |   433 |   625 |   427 |   398 |   704 ||  3125
       Crystal plate arm |       |       |       |       |       |       |       |       |    14 ||    14
Dodge: Dodged            |    30 |    61 |   134 |   250 |   387 |   730 |   445 |   424 |   919 ||  3380
Block: Shield            |    60 |   108 |   259 |   470 |   670 |  1398 |   931 |  1114 |  2090 ||  7100
       Reflection        |       |       |       |       |       |       |    21 |    69 |    33 ||   123
       Rpst.: Scimitar   |       |       |       |    41 |    83 |       |       |       |       ||   124

Table legend:
 A = Non-vault XP
 B = Vault XP
 C = Vault XP percentage of total XP
 D = Non-vault monster count
 E = Vault monster count
 F = Vault count percentage of total count
                 A         B        C        D         E       F
            +---------+---------+-------+---------+---------+-------
      Total |  798293 |  857092 |  51.8 |    1580 |     822 |  34.2
            +---------+---------+-------+---------+---------+-------
        D:1 |      69 |       0 |   0.0 |      28 |       0 |   0.0
        D:2 |     110 |       6 |   5.2 |      24 |       3 |  11.1
        D:3 |     187 |     310 |  62.4 |      27 |      10 |  27.0
        D:4 |     701 |     166 |  19.1 |      15 |       1 |   6.2
        D:5 |     411 |     224 |  35.3 |      16 |       5 |  23.8
        D:6 |     642 |       0 |   0.0 |      23 |       0 |   0.0
        D:7 |     840 |     272 |  24.5 |      27 |       3 |  10.0
        D:8 |    1528 |     919 |  37.6 |      25 |       2 |   7.4
        D:9 |    1595 |     367 |  18.7 |      23 |       1 |   4.2
       D:10 |    6169 |     339 |   5.2 |      28 |       1 |   3.4
       D:11 |    4220 |    1038 |  19.7 |      44 |       5 |  10.2
       D:12 |   10447 |    2634 |  20.1 |      44 |       7 |  13.7
       D:13 |    5336 |    1714 |  24.3 |      22 |       4 |  15.4
       D:14 |    5876 |   14933 |  71.8 |      21 |      15 |  41.7
       D:15 |    4387 |    8990 |  67.2 |      16 |      12 |  42.9
     Lair:1 |    2267 |    1007 |  30.8 |      11 |       1 |   8.3
     Lair:2 |    4267 |       0 |   0.0 |      19 |       0 |   0.0
     Lair:3 |    5029 |     265 |   5.0 |      20 |       1 |   4.8
     Lair:4 |    5543 |    5250 |  48.6 |      23 |       6 |  20.7
     Lair:5 |    4298 |     145 |   3.3 |      14 |       1 |   6.7
     Lair:6 |   19599 |   10601 |  35.1 |      48 |      52 |  52.0
    Swamp:1 |   12983 |       0 |   0.0 |      43 |       0 |   0.0
    Swamp:2 |    6563 |     411 |   5.9 |      26 |       3 |  10.3
    Swamp:3 |   21810 |       0 |   0.0 |      42 |       0 |   0.0
    Swamp:4 |    5951 |   11289 |  65.5 |      19 |      23 |  54.8
    Snake:1 |   15493 |    2414 |  13.5 |      27 |       8 |  22.9
    Snake:2 |   19100 |       0 |   0.0 |      39 |       0 |   0.0
    Snake:3 |   24879 |    1330 |   5.1 |      47 |       2 |   4.1
    Snake:4 |   20690 |   38708 |  65.2 |      37 |      62 |  62.6
      Orc:1 |    4174 |   17006 |  80.3 |      42 |      31 |  42.5
      Orc:2 |    4035 |   18535 |  82.1 |      44 |      42 |  48.8
      Elf:1 |   15732 |    2323 |  12.9 |      25 |       4 |  13.8
      Elf:2 |   13811 |   23178 |  62.7 |      25 |      30 |  54.5
      Elf:3 |   15464 |   45369 |  74.6 |      27 |      30 |  52.6
   Vaults:1 |   26829 |   28967 |  51.9 |      49 |      40 |  44.9
   Vaults:2 |   26664 |   10424 |  28.1 |      45 |      13 |  22.4
   Vaults:3 |   23528 |   24123 |  50.6 |      45 |      26 |  36.6
   Vaults:4 |   49996 |    2459 |   4.7 |      97 |       5 |   4.9
   Vaults:5 |   36368 |  135688 |  78.9 |      52 |      94 |  64.4
   Depths:1 |   40871 |   24737 |  37.7 |      60 |      25 |  29.4
   Depths:2 |   32244 |   10859 |  25.2 |      51 |      15 |  22.7
   Depths:3 |   39341 |   23272 |  37.2 |      43 |      17 |  28.3
   Depths:4 |    5200 |  117641 |  95.8 |       5 |     115 |  95.8
   Depths:5 |   49839 |   30604 |  38.0 |      49 |      21 |  30.0
      Zot:1 |   62693 |       0 |   0.0 |      39 |       0 |   0.0
      Zot:2 |   61332 |    7314 |  10.7 |      35 |       4 |  10.3
      Zot:3 |   23959 |    7859 |  24.7 |      14 |       6 |  30.0
      Zot:4 |   19253 |    6596 |  25.5 |      15 |       2 |  11.8
      Zot:5 |   35970 |  197638 |  84.6 |      20 |      44 |  68.8
     WizLab |       0 |   19168 | 100.0 |       0 |      30 | 100.0
            +---------+---------+-------+---------+---------+-------
